 Dungeon Crawl Stone Soup version 0.26-a0-670-g578ab304f5 (webtiles) character file.

Game seed: 10730853080145870689

(classic levelgen) 18 EnegeticOcto the Digger (level 2, -2/17 HPs)
             Began as a Halfling Earth Elementalist on Oct 19, 2020.
             Slain by an adder (4 damage)
             ... on level 3 of the Dungeon.
             The game lasted 00:02:38 (241 turns).

EnegeticOcto the Digger (HaEE)                       Turns: 241, Time: 00:02:39

Health: -2/17      AC:  2    Str:  9    XL:     2   Next: 85%
Magic:  0/4        EV: 15    Int: 13    God:
Gold:   17         SH:  0    Dex: 14    Spells: 3/4 levels left

rFire    . . .     SeeInvis .   d - +0 club
rCold    . . .     Faith    .   (shield restricted)
rNeg     . . .     Spirit   .   c - +0 robe
rPois    .         Reflect  .   (no helmet)
rElec    .         Harm     .   (no cloak)
rCorr    .         Rampage  .   (no gloves)
MR       .....                  (no boots)
Stlth    ++........             (no amulet)
HPRegen  0.05/turn              (no ring)
MPRegen  0.09/turn              (no ring)

@: no status effects
A: small, mutation resistance 1
a: no special abilities


You were on level 3 of the Dungeon.
You visited 1 branch of the dungeon, and saw 3 of its levels.

You collected 17 gold pieces.

Inventory:

Hand Weapons
 d - a +0 club (weapon)
Missiles
 b - 16 stones (quivered)
Armour
 c - a +0 robe (worn)
Scrolls
 a - a scroll of fog {unknown}
 e - a scroll of enchant weapon {unknown}
 f - a scroll of teleportation {unknown}
 h - a scroll of remove curse {unknown}
Potions
 g - a potion of heal wounds {unknown}


   Skills:
 - Level 2.1 Dodging
 - Level 2.1 Stealth
 - Level 1.5 Spellcasting
   Level 0.5 Transmutations
 + Level 3.9 Earth Magic


You had 3 spell levels left.
You knew the following spells:

 Your Spells              Type           Power        Failure   Level
a - Sandblast             Erth           ##....       5%          1

Your spell library contained the following spells:

 Spells                   Type           Power        Failure   Level
 Passwall                 Tmut/Erth      #.......     16%         2
 Stone Arrow              Conj/Erth      #.....       34%         3
 Petrify                  Tmut/Erth      #.......     71%         4
 Lee's Rapid Deconstruct  Erth           ##........   82%         5


Dungeon Overview and Level Annotations

Branches:
Dungeon (3/15)

Altars:


Innate Abilities, Weirdness & Mutations

You are small and have problems with some larger weapons.
You are somewhat resistant to further mutation.


Message History

The blast of sand hits the goblin.
You kill the goblin!
b - 21 stones
Found a robe.
You see here a robe.
You open the door.
A kobold comes into view. It is wielding a +0 club.
Found a scroll labeled ZUNIMO GIXA.
Found a stone staircase leading up.
Found 10 gold pieces.
There is an open door here.
You see here a scroll labeled ZUNIMO GIXA.
h - a scroll labeled ZUNIMO GIXA The kobold shouts!
The kobold throws a stone.
The stone hits you but does no damage.
Found 27 sling bullets.
Casting: Sandblast (safe; 5% risk of failure)
Confirm with . or Enter, or press ? or * to list all spells.
Aiming: Sandblast (safe; 5% risk of failure)
Press: ? - help, Shift-Dir - straight line, f - kobold
Aim: a kobold, wielding a +0 club You miscast Sandblast.
You are very lightly contaminated with residual magic.
Nothing appears to happen.
Casting: Sandblast (safe; 5% risk of failure)
Confirm with . or Enter, or press ? or * to list all spells.
Aiming: Sandblast (safe; 5% risk of failure)
Press: ? - help, Shift-Dir - straight line, f/p - kobold
Aim: a kobold, wielding a +0 club The blast of sand hits the kobold!
You kill the kobold!
b - 20 stones
Things that are here:
a +0 club; a kobold corpse
Found 7 gold pieces.
There is a stone staircase leading up here.
An orc comes into view. It is wielding a +0 whip.
The orc shouts!
You hear an angry hiss.
Your magical contamination has completely faded away.
An adder comes into view.
Casting: Sandblast (safe; 5% risk of failure)
Confirm with . or Enter, or press ? or * to list all spells.
Aiming: Sandblast (safe; 5% risk of failure)
Press: ? - help, Shift-Dir - straight line, f - orc
Aim: an orc, wielding a +0 whip The blast of sand hits the orc!
You kill the orc!
b - 19 stones The adder hisses angrily.
There is a stone staircase leading up here.
Casting: Sandblast (safe; 5% risk of failure)
Confirm with . or Enter, or press ? or * to list all spells.
Aiming: Sandblast (safe; 5% risk of failure)
Press: ? - help, Shift-Dir - straight line, f - adder
Aim: an adder The blast of sand hits the adder.
The adder is heavily wounded.
b - 18 stones
Casting: Sandblast (safe; 5% risk of failure)
Confirm with . or Enter, or press ? or * to list all spells.
Aiming: Sandblast (safe; 5% risk of failure)
Press: ? - help, Shift-Dir - straight line, f/p - adder
Aim: an adder (heavily wounded)
The blast of sand hits the adder but does no damage.
The adder is heavily wounded.
b - 17 stones The adder bites you but does no damage.
You barely miss the adder.
The adder is heavily wounded.
The adder barely misses you.
You barely miss the adder.
The adder is heavily wounded.
The adder barely misses you. x2
You hit the adder.
The adder is severely wounded.
The adder closely misses you. x2
You closely miss the adder.
The adder is severely wounded.
The adder misses you. The adder bites you.
Casting: Sandblast (safe; 5% risk of failure)
Confirm with . or Enter, or press ? or * to list all spells.
Aiming: Sandblast (safe; 5% risk of failure)
Press: ? - help, Shift-Dir - straight line, f/p - adder
Aim: an adder (severely wounded)
The blast of sand misses the adder.
b - 16 stones The adder bites you.
* * * LOW HITPOINT WARNING * * *
The adder bites you.
* * * LOW HITPOINT WARNING * * *
You closely miss the adder.
The adder is severely wounded.
The adder misses you.
You hit the adder.
The adder is almost dead.
The adder misses you. x2
You miss the adder.
The adder is almost dead.
The adder bites you.
You die...

#.# #.#
#.######.#
#...[..#.###
######.....#
#.....# #.....#
#.....# #.#'###
#.#@#########
..#S#........
####.#........
#)<........
#####..........
................
#######.$.(.....
.).........
#.###......$.


You could see an adder.

Vanquished Creatures
  A dart slug (D:1)
  An orc (D:3)
  2 giant cockroaches
  A hobgoblin (D:1)
  2 bats (D:1)
  4 goblins
  A kobold (D:3)
  2 rats
14 creatures vanquished.

Notes
Turn   | Place    | Note
-------+----------+-------------------------------------------
     0 | D:1      | EnegeticOcto the Halfling Earth Elementalist began the
                  | quest for the Orb.
     0 | D:1      | Reached XP level 1. HP: 11/11 MP: 3/3
    56 | D:1      | Reached XP level 2. HP: 11/17 MP: 1/4
   241 | D:3      | Slain by an adder

Illustrated notes

Levels and vault maps discovered:
D:1:      minmay_arrival_five_plusses, layout_basic, serial_forest,
          infiniplex_forest_diagonal, infiniplex_forest_lined_2,
          infiniplex_forest_lined_4_way, infiniplex_forest_lined_2,
          infiniplex_forest_lined_3, infiniplex_forest_corner_1,
          infiniplex_forest_corner_1, minmay_distorted
D:2:      layout_loops_ring, patterned_corridor, uniq_terence, uniq_natasha,
          uniq_sigmund
D:3:      layout_basic, minitemple, minivault_5

Action                   || total
-------------------------++-------
Melee: Club              ||    29
       Unarmed           ||     2
 Cast: Sandblast         ||    14
Armor: Robe              ||     7
Dodge: Dodged            ||    55

Table legend: (Time is in decaauts)
 A = Elapsed time spent in this place.
 B = Non-inter-level travel time spent in this place.
 C = Inter-level travel time spent in this place.
 D = Time resting spent in this place.
 E = Time spent auto-exploring this place.
 F = Levels seen in this place.
 G = Mean time per level.
                   A        B        C        D        E       F      G
               +--------+--------+--------+--------+--------+-----+--------+
         Total |    248 |    248 |      0 |      0 |      0 |   3 |   82.7 |
       Dungeon |    248 |    248 |      0 |      0 |      0 |   3 |   82.7 |
               +--------+--------+--------+--------+--------+-----+--------+

Top non-repeatable levels by time:
     D:1: 165 daAuts
     D:3: 51 daAuts
     D:2: 31 daAuts
